 Dungeon Crawl Stone Soup version 0.28-a0-919-g0b5b508569 (webtiles) character file.

Game seed: 10516485880332644139

184 enile the Gusty (level 5, 0/30 HPs)
             Began as a Tengu Air Elementalist on Nov 25, 2021.
             Slain by a gnoll (3 damage)
             ... on level 3 of the Dungeon.
             The game lasted 00:10:06 (3946 turns).

enile the Gusty (Tengu Air Elementalist)            Turns: 3946, Time: 00:10:06

Health: 0/30       AC:  6    Str:  9    XL:     5   Next: 63%
Magic:  0/10       EV: 12    Int: 22    God:
Gold:   68         SH:  0    Dex: 14    Spells: 1/10 levels left

rFire   . . .      SeeInvis .   f - +0 dagger
rCold   . . .      Faith    .   (no shield)
rNeg    . . .      Spirit   +   n - +1 ring mail {rPois}
rPois   +          Reflect  .   (helmet restricted)
rElec   .          Harm     .   (no cloak)
rCorr   .          Rampage  .   (no gloves)
Will    .....                   (boots unavailable)
Stlth   +.........              g - amulet of guardian spirit
HPRegen 0.10/turn               j - +6 ring of intelligence
MPRegen 0.12/turn               (no ring)

@: flying quickly and evasively, quick
A: beak, talons 3, nimble flight
a: no special abilities


You were on level 3 of the Dungeon.
You visited 1 branch of the dungeon, and saw 3 of its levels.

You collected 98 gold pieces.
You spent 30 gold pieces at shops.

Inventory:

Hand Weapons
 f - a +0 dagger (weapon)
 i - a +0 whip of holy wrath
Missiles
 m - 10 poisoned darts
Armour
 a - a +0 robe
 n - a +1 ring mail of poison resistance (worn)
Jewellery
 g - an amulet of guardian spirit (around neck)
 j - a +6 ring of intelligence (left hand)
Scrolls
 b - a scroll of noise {unknown}
 d - 2 scrolls of teleportation
 h - a scroll of acquirement {unknown}
 k - 2 scrolls of identify {unknown}
 l - a scroll of brand weapon {unknown}
Potions
 c - a potion of mutation {unknown}
 e - a potion of ambrosia {unknown}


   Skills:
 - Level 2.0 Fighting
 + Level 1.2 Armour
 - Level 2.4 Dodging
 - Level 2.0 Stealth
 - Level 3.0 Spellcasting
 - Level 4.0 Conjurations
 - Level 5.0 Air Magic


You had one spell level left.
You knew the following spells:

 Your Spells              Type           Power      Damage    Failure   Level
a - Shock                 Conj/Air       92%        1d8       5%          1
b - Static Discharge      Conj/Air       23%        N/A       9%          2
c - Stone Arrow           Conj/Erth      24%        3d8       41%         3
d - Swiftness             Air            25%        N/A       13%         3

Your spell library contained the following spells:

 Spells                   Type           Power      Damage    Failure   Level
 Airstrike                Air            12%        N/A       41%         4
 Gell's Gravitas          Tloc           3%         N/A       71%         3
 Iskenderun's Battlesphe  Conj           20%        2d7       88%         5
 Iron Shot                Conj/Erth      6%         9d2       100%        6
 Spellforged Servitor     Conj/Summ      6%         N/A       100%        7


Dungeon Overview and Level Annotations

Branches:
Dungeon (3/15)

Altars:

Shops:
D:1 ?


Innate Abilities, Weirdness & Mutations

You have a beak for a mouth.
You have claws for feet.
Your magical nature lets you fly swiftly and evasively.


Message History

The gnoll shaman closely misses you.
You hit the gnoll shaman but do no damage.
The gnoll shaman is almost dead.
The gnoll shaman calls upon its god to speed up the gnoll.
The gnoll seems to speed up.
You hit the gnoll shaman but do no damage.
Your peck misses the gnoll shaman.
The gnoll shaman is almost dead.
The gnoll shaman hits you with a +0 club.
Casting: Stone Arrow (extremely dangerous; 41% risk of failure)
Confirm with . or Enter, or press ? or * to list all spells.
Aiming: Shock (safe; 5% risk of failure)
Press: ? - help, Shift-Dir - straight line, f/p - gnoll shaman
Aim: a gnoll shaman, wielding a +0 club and wearing a +0 robe (almost dead, 77% to hit)
The zap hits the gnoll shaman.
You kill the gnoll shaman!
The gnoll barely misses you.
The gnoll hits you from afar with a +3 spear.
Training target 2.0 for Fighting reached!
Your Fighting skill increases to level 2!
You need to enable at least one skill for training.
Your Armour skill increases to level 1!
The gnoll hits you with a +3 spear!
You hit the gnoll but do no damage. Your peck misses the gnoll.
The gnoll hits you with a +3 spear. The gnoll barely misses you.
Casting: Shock (safe; 5% risk of failure)
Confirm with . or Enter, or press ? or * to list all spells.
Aiming: Shock (safe; 5% risk of failure)
Press: ? - help, Shift-Dir - straight line, f - gnoll
Aim: a gnoll, wielding a +3 spear (fast, 77% to hit)
The zap hits the gnoll.
The gnoll is moderately wounded.
The gnoll misses you.
The gnoll hits you from afar with a +3 spear!
* * * LOW HITPOINT WARNING * * *
The gnoll closely misses you.
There is a stone staircase leading up here.
You can't go down here!
The gnoll hits you from afar with a +3 spear.
You die...

.. #≈≈≈#..#...####
.≈.####.......##
#≈≈.###.......#
#≈............#
..............#
##(......)....#
##......)..g..#
.........)....#
[.#......@....#
###........(.##
#..........# #
##.........#
##.###..........#
................##
###.#..............##
.[..................##
........####.........#


You could see a gnoll (fast).

Vanquished Creatures
  A gnoll shaman (D:3)
  An orc wizard (D:2)
  6 gnolls
  2 adders (D:2)
  A worm (D:2)
  A dart slug (D:1)
  6 orcs
  6 bats
  5 endoplasms
  A giant cockroach (D:1)
  3 goblins
  3 hobgoblins (D:1)
  A quokka (D:1)
  3 ball pythons
  3 frilled lizards (D:2)
  4 kobolds
47 creatures vanquished.

Vanquished Creatures (others)
  72 plants
72 creatures vanquished.

Grand Total: 119 creatures vanquished

Notes
Turn   | Place    | Note
-------+----------+-------------------------------------------
     0 | D:1      | enile the Tengu Air Elementalist began the quest for the
                  | Orb.
     0 | D:1      | Reached XP level 1. HP: 10/10 MP: 4/4
   198 | D:1      | Reached XP level 2. HP: 15/15 MP: 3/6
   239 | D:1      | Learned a level 2 spell: Static Discharge
   330 | D:1      | Found Ymituf's Magic Scroll Shoppe.
   348 | D:1      | Bought a scroll of teleportation for 30 gold pieces
   909 | D:1      | Found a faded altar of an unknown god.
   909 | D:1      | Noticed an orange demon
  1062 | D:2      | Reached XP level 3. HP: 19/19 MP: 4/8
  1288 | D:2      | Got the Guide on Confrontation and the Voyage
  1818 | D:2      | Learned a level 3 spell: Stone Arrow
  2293 | D:2      | Reached XP level 4. HP: 24/24 MP: 5/9
  2424 | D:2      | Reached skill level 5 in Air Magic
  2749 | D:2      | Learned a level 3 spell: Swiftness
  3318 | D:3      | Gained mutation: Your magical nature lets you fly swiftly
                  | and evasively. [Tengu growth]
  3318 | D:3      | Reached XP level 5. HP: 28/28 MP: 4/10
  3503 | D:3      | Reached skill level 1 in Fighting
  3942 | D:3      | Reached skill level 1 in Armour
  3946 | D:3      | Slain by a gnoll

Illustrated notes

Levels and vault maps discovered:
D:1:      amcnicky_arrival_wind_blow, layout_rooms, serial_shops,
          nicolae_shop_hallway_plus, serial_aquarium, aquarium_bridge_straight
          [aquarium_subvault_bridge, aquarium_subvault_wall,
          aquarium_subvault_bridge, aquarium_subvault_wall],
          aquarium_bridge_square [aquarium_subvault_wall,
          aquarium_subvault_window, aquarium_subvault_bridge,
          aquarium_subvault_window], aquarium_window_corner,
          aquarium_window_fake, aquarium_window_corner, aquarium_view_2e,
          aquarium_view_2c, aquarium_pool_1,
          dreamdust_ecumenical_altar_sealed_demon
D:2:      layout_loops_ring, serial_bayou, serial_bayou_pond_a,
          serial_bayou_pond_c, serial_bayou_lagoon_a, serial_bayou_crossing,
          minmay_misc_feat_rugged
D:3:      layout_rooms, minmay_misc_feat_enclosed, minivault_5,
          chequers_serial_rivers_small_b, nicolae_grassy_gnolls

Skill      XL: |  1  2  3  4  5 |
---------------+----------------+-----
Spellcasting   | 3 |  3.0
Conjurations   | 2 3 4 |  4.0
Air Magic      | 5 |  5.0
Fighting       | 2 |  2.0
Armour         | 1 |  1.2
Dodging        | |  2.4
Stealth        | |  2.0

Action                   |  1- 3 |  4- 6 || total
-------------------------+-------+-------++-------
Melee: Unarmed           |     9 |       ||     9
       Kick              |     4 |     5 ||     9
       Dagger            |    11 |    24 ||    35
       Peck              |     1 |     3 ||     4
 Cast: Shock             |    57 |    44 ||   101
       Static Discharge  |     6 |     1 ||     7
       Stone Arrow       |     2 |     7 ||     9
  Use: Scroll            |     1 |       ||     1
Armor: Robe              |    20 |     6 ||    26
       Ring mail         |       |     4 ||     4
Dodge: Dodged            |    37 |    41 ||    78

Table legend: (Time is in decaauts)
 A = Elapsed time spent in this place.
 B = Non-inter-level travel time spent in this place.
 C = Inter-level travel time spent in this place.
 D = Time resting spent in this place.
 E = Time spent auto-exploring this place.
 F = Levels seen in this place.
 G = Mean time per level.
                   A        B        C        D        E       F      G
               +--------+--------+--------+--------+--------+-----+--------+
         Total |   3970 |   3842 |    128 |    982 |   2225 |   3 | 1323.3 |
       Dungeon |   3970 |   3842 |    128 |    982 |   2225 |   3 | 1323.3 |
               +--------+--------+--------+--------+--------+-----+--------+

Top non-repeatable levels by time:
     D:2: 2229 daAuts
     D:1: 1443 daAuts
     D:3: 297 daAuts
